 Dungeon Crawl Stone Soup version 0.20-a0-1116-gaa52201 (webtiles) character file.

62 Infinimo the Grave Robber (level 3, -64/24 HPs)
             Began as a Mummy Necromancer on May 8, 2017.
             Killed from afar by a goblin (67 damage)
             ... with an exploding inner flame
             ... hexed by the player character
             ... on level 2 of the Dungeon.
             The game lasted 00:05:00 (1995 turns).

Infinimo the Grave Robber (Mummy Necromancer)       Turns: 1995, Time: 00:05:01

Health: -64/24     AC:  2    Str: 11    XL:     3   Next: 85%
Magic:  2/7        EV: 12    Int: 15    God:
Gold:   96         SH:  0    Dex: 12    Spells: 5/7 levels left

rFire    x . .     SeeInvis .   g - +0 whip (drain)
rCold    + . .     Gourm    .   (no shield)
rNeg     + + +     Faith    .   a - +0 robe
rPois    ∞         Spirit   .   (no helmet)
rElec    .         Reflect  .   (no cloak)
rCorr    .         Harm     .   (no gloves)
MR       .....                  (no boots)
Stlth    ++........             (no amulet)
Regen    0.1/turn               (no ring)
MPRegen  0.1/turn               (no ring)

@: very slightly contaminated
A: no food or potions, fire vulnerability, cold resistance 1, negative energy
resistance 3, torment resistance, unbreathing
a: no special abilities


You were on level 2 of the Dungeon.
You were not hungry.

You visited 1 branch of the dungeon, and saw 2 of its levels.

You collected 96 gold pieces.

Inventory:

Hand Weapons
 g - a +0 whip of draining (weapon)
Armour
 a - a +0 robe (worn)
Wands
 j - a wand of disintegration (11/24)
Scrolls
 i - a scroll of magic mapping
Books
 b - a book of Necromancy

   Spells                             Type                      Level
   a - Pain                           Necromancy                   1
   b - Animate Skeleton               Necromancy                   1
   c - Vampiric Draining              Necromancy                   3
   d - Regeneration                   Charms/Necromancy            3
   e - Animate Dead                   Necromancy                   4
   f - Control Undead                 Necromancy                   4


   Skills:
 - Level 1.5 Dodging
 - Level 1.5 Stealth
 - Level 2.6 Spellcasting
 + Level 5.5 Necromancy


You had 5 spell levels left.
You knew the following spells:

 Your Spells              Type           Power        Failure   Level  Hunger
a - Pain                  Necr           ###.         2%          1    N/A
b - Animate Skeleton      Necr           N/A          2%          1    N/A

Dungeon Overview and Level Annotations

Branches:
Dungeon (2/15)

Altars:

Annotations:
D:2 Robin


Innate Abilities, Weirdness & Mutations

You do not eat or drink.
Your flesh is vulnerable to fire.
You are immune to poison.
Your flesh is cold resistant. (rC+)
You are immune to negative energy. (rN+++)
You are immune to unholy pain and torment.
You can survive without breathing.


Message History

You hear a loud clanging noise!
It was a scroll of noise.
You hear a shout!
Robin roars a battlecry!
A hobgoblin comes into view. It is wielding a club.
As you read the scroll labeled NADOEFF LYGRE, it crumbles to dust.
It is a scroll of identify.
i - a scroll of magic mapping The goblin no longer looks unusually strong.
Robin roars a battlecry!
The goblin goes into a battle-frenzy!
Evoke which item? (* to show all) (? for menu, Esc to quit)
Aiming: Disintegrate (will waste charges)
Press: ? - help, Shift-Dir - straight line, f - goblin
Aim: a goblin, wielding a hunting sling (unusually strong, inner flame, chance to defeat MR: 80%)
The goblin is blasted.
The goblin explodes!
The fiery explosion engulfs you! The fire burns you terribly!
Ouch! That really hurt!
You die...

#.# #.#.# #......
#g#.##.#.# #......
#.#g##.%.# #.#####
#)#.###..# #.# #.#.#
#..# #.# #.#.# #..#
#.##### #.#.# ##.#
#.##... #g#.# #.#
#.##...
#.#@####.#####.##...
#(#§#...........%..#
#.#.#.##..####.#####
#.#.#<..............
#.#.#....#.###.#####
######.#.######.###.#
#.........# #.%##.#
#......g(.# ##.##.#
### #.....g...#
#..#.#


You could see Robin (inner flame) and a hobgoblin.

Vanquished Creatures
  An adder (D:2)
  A dart slug (D:1)
  A ball python (D:2)
  3 bats
  3 giant cockroaches (D:2)
  11 goblins
  8 hobgoblins
  A jackal (D:2)
  A quokka (D:1)
  3 frilled lizards
  4 kobolds
  4 rats
41 creatures vanquished.

Vanquished Creatures (collateral kills)
  2 dart slugs (D:1)
  A rat (D:1)
3 creatures vanquished.

Grand Total: 44 creatures vanquished

Notes
Turn   | Place    | Note
-------+----------+-------------------------------------------
     0 | D:1      | Infinimo the Mummy Necromancer began the quest for the Orb.
     0 | D:1      | Reached XP level 1. HP: 13/13 MP: 4/4
   232 | D:1      | Reached XP level 2. HP: 12/19 MP: 0/5
   285 | D:1      | Learned a level 1 spell: Animate Skeleton
  1244 | D:1      | Reached skill level 5 in Necromancy
  1244 | D:1      | Reached XP level 3. HP: 24/24 MP: 0/7
  1505 | D:2      | Noticed Robin
  1995 | D:2      | Killed from afar by a goblin

Vault maps used:
D:1:      dpeg_arrival_solitude
D:2:      uniq_crazy_yiuf_cottage, uniq_jessica, uniq_robin

Skill      XL: |  1  2 |
---------------+-------+-----
Necromancy     | 5 |  5.5
Dodging        | |  1.5
Stealth        | |  1.5
Spellcasting   | |  2.6

Action                   || total
-------------------------++-------
Melee: Unarmed           ||    10
       Whip              ||     2
 Cast: Pain              ||    89
       Animate Skeleton  ||    11
  Use: Scroll            ||     5
Armor: Robe              ||     3
Dodge: Dodged            ||    37
